[Event "Early-Titled-Tuesday-Blitz-January-30-2024"]
[Site "Chess.com"]
[Date "2024.01.30"]
[Round "6"]
[White "SaiAgni_98"]
[Black "Al_Shima"]
[Result "0-1"]
[WhiteElo "2565"]
[BlackElo "2358"]
[TimeControl "180+1"]
[EndTime "9:09:36 PST"]
[Termination "Al_Shima won on time"]

1. e4 c5 2. Nf3 e6 3. d3 Nc6 4. Nbd2 g6 5. g3 Bg7 6. Bg2 Nge7 7. O-O O-O 8. Re1 a5 9. a4 d5 10. c3 d4 11. cxd4 Nxd4 12. Nc4 Nec6 13. h4 e5 14. Bg5 f6 15. Be3 Bg4 16. Ncd2 Qd7 17. Ra3 Rad8 18.
Qc1 b6 19. Qc4+ Be6 20. Qc1 Nb4 21. Bxd4 cxd4 22. Nc4 Rc8 23. Nfd2 Rc6 24. Bf1 Rfc8 25.
Qd1 Bf8 26. Ra1 Kf7 27. b3 Bh3 28. Be2 Be7 29. Nf3 Kg7 30. Qd2 Be6 31. Rac1 h5 32. Nh2 Na6 33. Rf1 Bb4 34. Qa2 Nc5 35. f4 exf4 36.
Rxf4 Bf7 37. Rcf1 Re8 38. g4 hxg4 39. Nxg4 Qe7 40. e5 f5 41. Nf6 Rxf6 42. exf6+ Qxf6 43. R1f2 Ne6 44. R4f3 Qxh4 45. Qa1 Ng5 46. Kg2 Nxf3 47. Bxf3 Rh8 48. Kg1 Bc5 49. Ne5 Qg5+ 50. Bg2 Qe3 51.
Nxf7 Kxf7 52. Qa2 Bb4 0-1

[Event "Early-Titled-Tuesday-Blitz-January-30-2024"]
[Site "Chess.com"]
[Date "2024.01.30"]
[Round "6"]
[White "Louis-Paulsen-Fan"]
[Black "emeli_chess"]
[Result "1/2-1/2"]
[WhiteElo "2272"]
[BlackElo "2475"]
[TimeControl "180+1"]
[EndTime "9:09:36 PST"]
[Termination "Game drawn - insufficient material"]

1. d4 Nf6 2. Nf3 d5 3. c4 e6 4.
Nc3 Bb4 5. cxd5 exd5 6. Bg5 h6 7. Bxf6 Qxf6 8. g3 O-O 9. Bg2 c6 10. O-O Bf5 11. Qb3 Qe7 12. Ne5 Bd6 13. f4 Qc7 14.
Rac1 Qb6 15. Qxb6 axb6 16. a3 Nd7 17. e3 Nf6 18. h3 h5 19. Kh2 b5 20. Bf3 b4 21.
axb4 Bxb4 22. g4 hxg4 23. hxg4 Be4 24. Bxe4 Nxe4 25. Nxe4 dxe4 26. Rc2 f5 27. g5 Bd6 28. Kg3 Bxe5 29. fxe5 g6 30. Rh2 Kg7 31. Rfh1 Rh8 32. Rxh8 Rxh8 33. Rxh8 Kxh8 34. Kf2 Kg7 35. Ke2 Kf7 36. Kd2 Ke6 37. Kc3 Kd5 38. b4 b6 39.
Kb3 c5 40. dxc5 bxc5 41. b5 Kxe5 42. Kc4 Kd6 43. b6 Kc6 44. b7 Kxb7 45. Kxc5 Kc7 46.
Kd5 Kd7 47. Ke5 Kc6 48. Kf6 f4 49. exf4 e3 50. f5 gxf5 51. g6 e2 52. g7 e1=Q 53.
g8=Q Qe4 54. Qa8+ Kc5 55. Qa5+ Kd4 56. Qxf5 Qxf5+ 57. Kxf5 1/2-1/2

[Event "Early-Titled-Tuesday-Blitz-January-30-2024"]
[Site "Chess.com"]
[Date "2024.01.30"]
[Round "6"]
[White "MFatigue"]
[Black "mary-sanna"]
[Result "1-0"]
[WhiteElo "2466"]
[BlackElo "2198"]
[TimeControl "180+1"]
[EndTime "9:09:36 PST"]
[Termination "MFatigue won by checkmate"]

1. e4 c5 2. a3 d5 3. exd5 Qxd5 4. Nc3 Qd6 5. Nf3 Nf6 6. d4 cxd4 7.
Qxd4 Qxd4 8. Nxd4 a6 9. Na4 Nbd7 10. c4 e5 11. Nc2 Be7 12. Be3 O-O 13. Be2 b6 14. O-O Rb8 15. b4 Bb7 16. Nxb6 Nxb6 17. Bxb6 Be4 18. Bc7 Rbc8 19. Bxe5 Bxc2 20. Rfc1 Bf5 21.
c5 a5 22. Ba6 Rcd8 23. Bc7 Ra8 24. b5 Bc8 25. Bxc8 Rfxc8 26. b6 Nd5 27. Bg3 Rxc5 28. Rxc5 Bxc5 29. b7 Re8 30. b8=Q Rxb8 31. Bxb8 Kf8 32. a4 Bb4 33. Ba7 Nc3 34. Kf1 Ke7 35. Bd4 f6 36.
Bxc3 Bxc3 37. Rd1 Bb4 38. Ke2 Ke6 39. Kf3 Kf5 40. Rd5+ Ke6 41. Ke4 g6 42. Rb5 h5 43.
h4 Kd6 44. g3 Kc6 45. f3 Kd6 46. g4 Kc6 47. gxh5 gxh5 48. Rxh5 Be1 49. Kf4 Kd6 50.
Kg4 Ke6 51. Rb5 Bf2 52. h5 Be1 53. h6 Kf7 54. Kf5 Bd2 55. Rb7+ Kg8 56. Kg6 Kf8 57.
h7 Bh6 58. h8=Q# 1-0

[Event "Early-Titled-Tuesday-Blitz-January-30-2024"]
[Site "Chess.com"]
[Date "2024.01.30"]
[Round "6"]
[White "alvarorodriguezavila"]
[Black "agvega14"]
[Result "1-0"]
[WhiteElo "2355"]
[BlackElo "2152"]
[TimeControl "180+1"]
[EndTime "9:09:37 PST"]
[Termination "alvarorodriguezavila won on time"]

1. e4 c5 2. d4 cxd4 3. c3 dxc3 4. Nf3 Nc6 5. Bc4 e6 6. O-O Qc7 7.
Nxc3 Nf6 8. Re1 a6 9. Nd5 Nxd5 10. exd5 Na5 11. dxe6 dxe6 12. Bd3 Nc6 13. Qa4 Bd7 14. Bf4 Bd6 15. Bxd6 Qxd6 16. Qe4 Qb4 17. Qe2 Qf4 18. Rad1 Rd8 19. Be4 O-O 20. g3 Qf6 21.
h4 g6 22. h5 Bc8 23. h6 Nd4 24. Nxd4 Rxd4 25. Rxd4 Qxd4 26. Rd1 Qf6 27. Qe3 Re8 28.
Rc1 Rd8 29. Rc7 b5 30. Qc1 Bd7 31. Kg2 Be8 32. Bf3 e5 33. Rc6 Rd6 34. Rxd6 Qxd6 35. Qc8 Qe6 36. Qxe6 fxe6 37. Be4 a5 38. g4 g5 39. f3 b4 40. Kf2 Bb5 41. Ke3 a4 42. a3 bxa3 43. bxa3 Bc4 44. Bc6 Bb3 45. Ke4 Kf7 46.
Kxe5 Kg6 47. Be4+ Kxh6 48. Kf6 Ba2 49. Bc6 Bc4 50. Bxa4 Be2 51. Bc6 Bd1 52. a4 Be2 53. a5 Ba6 54. Be8 Bb7 55. Kxe6 Bxf3 56. Bh5 Be2 57.
Kd6 Kg7 58. Kc5 Kf6 59. Kb6 Ke5 60. a6 Bf3 61. Kc7 1-0

[Event "Early-Titled-Tuesday-Blitz-January-30-2024"]
[Site "Chess.com"]
[Date "2024.01.30"]
[Round "6"]
[White "Mikhail_Golubev"]
[Black "secretsuperstar7"]
[Result "1/2-1/2"]
[WhiteElo "2680"]
[BlackElo "2524"]
[TimeControl "180+1"]
[EndTime "9:09:39 PST"]
[Termination "Game drawn by repetition"]

1. e4 c5 2. Nf3 Nc6 3. Nc3 e5 4. Bc4 d6 5. d3 Be7 6. Nd2 Nf6 7. Nf1 Bg4 8. f3 Be6 9. Ne3 O-O 10. O-O a6 11. a4 Nd7 12. Ned5 Rb8 13. Bd2 Nd4 14. Nxe7+ Qxe7 15. Nd5 Qd8 16. a5 f5 17. c3 Nc6 18. exf5 Bxd5 19. Bxd5+ Kh8 20. Be6 Ne7 21. g4 Nf6 22. Bg5 b6 23. axb6 Qxb6 24. Ra2 c4+ 25.
Kh1 cxd3 26. Qxd3 a5 27. Be3 Qc6 28. Qc4 Qb7 29. Qa4 Ned5 30. Bg5 Nb6 31. Qb5 Nxg4 32. b3 h6 33. Bc1 Rbe8 34. Rg2 Nf6 35. Qe2 e4 36.
fxe4 Nxe4 37. Qf3 d5 38. Rfg1 Rxe6 39. Rxg7 Qxg7 40. Rxg7 Kxg7 41. Qg2+ Kh7 42. fxe6 Nf2+ 43. Kg1 Rg8 44. Kxf2 Rxg2+ 45. Kxg2 Kg7 46. Be3 Nc8 47. Bc5 Kf6 48. e7 Nxe7 49. Bxe7+ Kxe7 50. Kf3 Ke6 51. Ke3 Ke5 52. Kd3 h5 53. Ke3 h4 54. h3 Kd6 55.
Kd4 Kc6 56. Kd3 Kc5 57. Ke3 Kb5 58. Kd4 Kc6 59. Kd3 Kc5 60. Ke3 Kb5 61. Kd4 Kc6 1/2-1/2

[Event "Early-Titled-Tuesday-Blitz-January-30-2024"]
[Site "Chess.com"]
[Date "2024.01.30"]
[Round "6"]
[White "LornerAcosta"]
[Black "Zq1"]
[Result "1-0"]
[WhiteElo "2414"]
[BlackElo "2512"]
[TimeControl "180+1"]
[EndTime "9:09:39 PST"]
[Termination "LornerAcosta won on time"]

1. Nf3 Nf6 2. d4 d5 3. e3 c5 4. b3 Nc6 5. Bb2 cxd4 6. exd4 g6 7. h3 Bg7 8. a3 O-O 9. Bd3 b6 10. O-O Bb7 11. Nbd2 Rc8 12. Qe2 Qc7 13. Rac1 Rfd8 14. Rfe1 Nh5 15. g3 Re8 16. Ne5 Nxe5 17. dxe5 Qd7 18. Kh2 e6 19. Bd4 Bh6 20. f4 Ng7 21. a4 Nf5 22. Bf2 d4 23. Ne4 Bxe4 24. Qxe4 Red8 25.
g4 Ne3 26. Bxe3 dxe3 27. Qxe3 Qd4 28. Kg3 Qxe3+ 29. Rxe3 Rd4 30. Rf1 Bf8 31. f5 Bh6 32.
Re4 Rxe4 33. Bxe4 exf5 34. gxf5 Re8 35. e6 fxe6 36. fxe6 Bf8 37. Bd5 Bd6+ 38. Kg4 Re7 39. Rd1 Kg7 40. Bc4 Bc5 41. Rd8 Kf6 42. Kf4 g5+ 43.
Kg4 h6 44. h4 gxh4 45. Kxh4 Ke5 46. Kh5 Be3 47. Rd3 Bg5 48. Rd1 Kf6 49. Kg4 Ke5 50. Rd3 Kf6 51. Rd5 Kg6 52. Bd3+ Kf6 53. Bc4 Rxe6 54. Rf5+ Ke7 55. Bxe6 Kxe6 56. Rf8 Kd6 57. Ra8 a5 58. Rc8 Kd5 59. Rc4 Kd6 60. c3 Kd5 61.
Kh5 Kd6 62. b4 Kd5 63. Rc8 axb4 64. cxb4 Kd6 65. b5 1-0

[Event "Early-Titled-Tuesday-Blitz-January-30-2024"]
[Site "Chess.com"]
[Date "2024.01.30"]
[Round "6"]
[White "spaski2004"]
[Black "Oleksandr_Bortnyk"]
[Result "0-1"]
[WhiteElo "2979"]
[BlackElo "3122"]
[TimeControl "180+1"]
[EndTime "9:09:40 PST"]
[Termination "Oleksandr_Bortnyk won by resignation"]

1. Nf3 Nf6 2. e3 b6 3. b3 Bb7 4. Bb2 g6 5. Bxf6 exf6 6. c4 f5 7.
Nc3 Qf6 8. Be2 g5 9. O-O g4 10. Ne1 Na6 11. Nd5 Bxd5 12. cxd5 Nc5 13. d4 Ne4 14.
Qc2 Bd6 15. Nd3 O-O 16. Rac1 Rae8 17. Ne5 Rxe5 18. dxe5 Qxe5 19. g3 Qxd5 20. Qc4 Qa5 21. Qb5 Qxb5 22. Bxb5 Rd8 23. Bd3 Re8 24. Rc2 Kg7 25. f3 Ng5 26. Bxf5 Nxf3+ 27. Kf2 h5 28. Bxd7 Re7 29. Bc6 Ng5 30. Ke2 Re5 31. Kd3 Bc5 32. e4 Nf3 33. Bd7 Re7 34. Bf5 Re8 35. Kc3 Bd4+ 36. Kc4 Rd8 37. Rd1 c6 38. b4 a5 39.
bxa5 bxa5 40. Kb3 c5 41. Ka4 Ra8 42. Rb1 Ne5 43. Rb7 Nc6 44. Be6 Ne5 45. Bd5 Ra6 46. Rc1 Rf6 47. Kxa5 Rf2 48. a4 Rxh2 49. Kb5 Rb2+ 50.
Ka6 Rg2 51. a5 Rxg3 52. Kb6 Ra3 53. a6 c4+ 54. Kb5 c3 55. Rc2 g3 56. Rc7 h4 57.
Bxf7 Nxf7 58. Rd7 Be5 59. a7 h3 60. Kb6 g2 61. Rd1 Bd4+ 62. Kb5 Bxa7 63. Rd3 g1=Q 0-1

[Event "Early-Titled-Tuesday-Blitz-January-30-2024"]
[Site "Chess.com"]
[Date "2024.01.30"]
[Round "6"]
[White "Alexander_Donchenko"]
[Black "Gabrielian_Artur"]
[Result "0-1"]
[WhiteElo "2934"]
[BlackElo "2775"]
[TimeControl "180+1"]
[EndTime "9:09:40 PST"]
[Termination "Gabrielian_Artur won by resignation"]

1. Nf3 Nf6 2. g3 g6 3. Bg2 Bg7 4. O-O O-O 5. d4 d6 6. b3 b5 7.
c4 bxc4 8. bxc4 Bb7 9. Qb3 Qc8 10. Nc3 Nc6 11. d5 Nd8 12. Rb1 c5 13. dxc6 Bxc6 14. Nd5 Qd7 15. Nd4 Nxd5 16. cxd5 Ba4 17. Qd3 Rc8 18. Bg5 Nb7 19. Nc6 Rfe8 20. Rfc1 Nc5 21. Qa3 e6 22. dxe6 Rxe6 23. Rxc5 dxc5 24. Qxa4 h6 25.
Qxa7 Rc7 26. Qa8+ Kh7 27. Bf4 Rexc6 28. Bxc6 Qxc6 29. Qxc6 Rxc6 30. Rc1 c4 31. Kf1 c3 32. Rc2 g5 33. Bc1 Kg6 34. e4 f5 35. exf5+ Kxf5 36. Ke2 Ke4 37. f3+ Kd5 38. Kd3 Rc4 39. Be3 Bf6 40. Bf2 h5 41. h3 h4 42. gxh4 gxh4 43.
Be3 Be5 44. a3 Ra4 45. Ra2 Bf6 46. Bf2 Be5 47. Be1 Rf4 48. Rf2 Rd4+ 49. Kc2 Ra4 50.
f4 Bd4 51. Rf3 Rxa3 52. Bxc3 Kc4 53. Rd3 Rxc3+ 54. Rxc3+ Bxc3 55. Kd1 Kd3 56. f5 Ke3 57. f6 Bxf6 58. Ke1 Kf3 59. Kf1 Bd4 60. Ke1 Kg2 61.
Ke2 Bf2 62. Kd3 Kxh3 63. Ke2 Kg2 0-1

[Event "Early-Titled-Tuesday-Blitz-January-30-2024"]
[Site "Chess.com"]
[Date "2024.01.30"]
[Round "6"]
[White "aistrel"]
[Black "KanalSzachowy"]
[Result "1-0"]
[WhiteElo "2515"]
[BlackElo "2344"]
[TimeControl "180+1"]
[EndTime "9:09:40 PST"]
[Termination "aistrel won on time"]

1. d4 Nf6 2. Bf4 d5 3. e3 e6 4. Nc3 c5 5. Nb5 Na6 6. c3 Bd7 7. Nf3 c4 8. a4 Be7 9. Nd6+ Bxd6 10. Bxd6 Ne4 11. Ba3 f6 12. Nd2 Nxd2 13. Qxd2 Kf7 14. e4 Bc6 15. e5 h5 16. Be2 Bxa4 17. O-O f5 18. Bd6 Bb3 19. f3 g5 20. h4 gxh4 21. Kf2 Qg8 22. Qf4 Qg3+ 23. Qxg3 hxg3+ 24.
Kxg3 Rag8+ 25. Kf2 h4 26. Rh1 f4 27. Rh3 Rh7 28.
Rah1 Rgh8 29. Ke1 Ke8 30. Kd2 Kd7 31. Bd1 Kc6 32. Bxb3 cxb3 33. Ke2 Nc7 34. Bxc7 Kxc7 35. Ra1 Rg8 36. Kf2 Kb6 37. Ra3 a5 38. Rxb3+ Kc6 39. Ra3 Kb5 40. Ra1 a4 41. Rhh1 Rhg7 42. Rag1 Rh8 43. Ra1 Rhg8 44. Rh2 Rg3 45. Rg1 Rh8 46.
Rgh1 h3 47. Rxh3 Rhxh3 48. Rxh3 Rxh3 49. gxh3 Kc4 50. h4 Kb3 51. h5 Kxb2 52. h6 a3 53. h7 a2 54. h8=Q a1=Q 55. Qc8 Kc1 56. Qxe6 Qb2+ 57.
Kf1 Qxc3 58. Qxd5 Qd3+ 59. Kg2 Qe2+ 60. Kh3 Qf1+ 61. Kg4 Qg2+ 62. Kxf4 Qh2+ 63. Ke4 Qe2+ 64.
Kf5 Qd3+ 65. Kf6 Qa6+ 66. Qd6 Qf1 67. Qc7+ 1-0

[Event "Early-Titled-Tuesday-Blitz-January-30-2024"]
[Site "Chess.com"]
[Date "2024.01.30"]
[Round "6"]
[White "Attacks_Hurricane"]
[Black "GAO"]
[Result "1-0"]
[WhiteElo "2253"]
[BlackElo "2386"]
[TimeControl "180+1"]
[EndTime "9:09:41 PST"]
[Termination "Attacks_Hurricane won by checkmate"]

1. e4 c5 2. Nf3 Nc6 3. b4 cxb4 4. d4 d5 5. exd5 Qxd5 6. c4 bxc3 7. Nxc3 Qd8 8. d5 Nb8 9. Bc4 Nf6 10. O-O g6 11.
Re1 Bg7 12. d6 e6 13. Ba3 O-O 14. Rb1 Qa5 15. Bb4 Qd8 16. Ne5 Nbd7 17. f4 Nxe5 18. fxe5 Nd7 19. Ne4 Nxe5 20. Bf1 Bd7 21. Bc3 Bc6 22.
Nc5 Qg5 23. Ne4 Qf5 24. Ng3 Qg5 25. Ne4 Qd8 26. Ng3 h5 27. Rxe5 h4 28. Ne2 h3 29. g3 Rc8 30. Re3 Bh6 31. Rd3 Be4 32.
Bxh3 Bxd3 33. Qxd3 Qd7 34. Qd4 f6 35. Re1 Rfd8 36.
Nf4 f5 37. Nxe6 Rxc3 38. Qxc3 Qxd6 39. Nxd8 Qxd8 40. Qc4+ Kh7 41. Bg2 Bg7 42. Qe6 Qb6+ 43. Kh1 Qf2 44. Qe2 Qd4 45. Rf1 Qc5 46. Qf2 Bd4 47.
Qf3 b6 48. Qb7+ Bg7 49. Qf3 a5 50. Rd1 Qc2 51. Qd3 Qc5 52. Qd5 Qc2 53. Rf1 Qb2 54.
Bh3 Qf6 55. Qg2 Qc3 56. g4 fxg4 57. Bxg4 Qf6 58. Bf3 Qe5 59. Be4 Qd4 60. Qxg6+ Kg8 61. Qh7# 1-0

[Event "Early-Titled-Tuesday-Blitz-January-30-2024"]
[Site "Chess.com"]
[Date "2024.01.30"]
[Round "6"]
[White "Preobrazhenska_D2011"]
[Black "jaskol95"]
[Result "0-1"]
[WhiteElo "2375"]
[BlackElo "2540"]
[TimeControl "180+1"]
[EndTime "9:09:42 PST"]
[Termination "jaskol95 won by checkmate"]

1. e4 d6 2. d4 Nf6 3. Nc3 Nbd7 4. Nf3 e5 5. Bc4 Be7 6. O-O c6 7. Bb3 Qc7 8. Re1 h6 9. Nh4 g6 10. Nf3 Nf8 11. h3 g5 12. Nh2 Ng6 13. Be3 Nf4 14. Qf3 Be6 15. d5 Bd7 16. Bxf4 gxf4 17. Rad1 c5 18.
Qe2 a6 19. a4 O-O-O 20. Bc4 Rhg8 21. Kh1 Qa5 22. Rb1 Kb8 23. Qd3 Rc8 24. Ra1 Nh5 25.
Ne2 Rg6 26. c3 Rcg8 27. Rg1 Bh4 28. b4 Qc7 29. Qf3 Nf6 30. bxc5 Qxc5 31. Bd3 Bxf2 32. Rab1 Bxg1 33. Rxg1 Qe3 34. Qxe3 fxe3 35. Nf3 Nh5 36. Nh4 Rg5 37. g4 Nf4 38. Nxf4 exf4 39. Nf3 R5g7 40.
e5 h5 41. g5 Bxh3 42. exd6 Bg4 43. Ne5 Rxg5 44. Nxf7 Rxd5 45. Be4 Rd2 46. Nh6 Re8 47. Bg6 Rd8 48. Be4 R8xd6 49. Nxg4 hxg4 50. Rxg4 Rh6+ 51. Kg1 Rd1+ 52. Kg2 Rd2+ 53. Kg1 Rf2 54. Rg8+ Ka7 55. Rg7 Rb6 56. Re7 Rbb2 57. Re6 Rfd2 58. Kf1 Rd1# 0-1

[Event "Early-Titled-Tuesday-Blitz-January-30-2024"]
[Site "Chess.com"]
[Date "2024.01.30"]
[Round "6"]
[White "Seochesspie"]
[Black "Bilan_Danila"]
[Result "1-0"]
[WhiteElo "2868"]
[BlackElo "2622"]
[TimeControl "180+1"]
[EndTime "9:09:43 PST"]
[Termination "Seochesspie won by resignation"]

1. e4 c5 2. Nf3 e6 3. d4 cxd4 4.
Nxd4 a6 5. g3 Qc7 6. Bg2 b6 7.
O-O Bb7 8. Qe2 d6 9. c4 Nf6 10. Nc3 Be7 11. Be3 Nbd7 12. Rac1 O-O 13. b3 Rac8 14.
g4 Nc5 15. Bd2 Rfd8 16. g5 Ne8 17. f4 Qb8 18. f5 exf5 19. exf5 Bf8 20. Bxb7 Qxb7 21.
Rce1 Nc7 22. g6 d5 23. gxf7+ Kxf7 24. Ne6 Re8 25. b4 N5xe6 26. fxe6+ Kg8 27. Rf7 Qc6 28. Rxc7 Qxc7 29. cxd5 Bxb4 30. Ne4 Bc5+ 31. Kg2 Rcd8 32.
Qf3 Kh8 33. Ng5 Rf8 34. Nf7+ Kg8 35. Bf4 Rxf7 36. Bxc7 Rxf3 37. Kxf3 Rxd5 38. e7 Bxe7 39. Rxe7 Rd2 40. h4 Rxa2 41. Bxb6 Ra3+ 42. Be3 a5 43. h5 a4 44. Ke4 Kf8 45. Ra7 Ra1 46. Bc5+ Kg8 47. Bd4 Re1+ 48. Kd5 g6 49. h6 Rh1 50. Rg7+ Kf8 51. Rxh7 a3 52. Bg7+ Kf7 53.
Rh8 a2 54. Ra8 Rd1+ 55. Ke4 Rd2 56. Ke3 Rh2 57. Kf3 g5 58. Kg3 Rxh6 59. Bxh6 Kg6 60. Bxg5 Kxg5 61. Rxa2 1-0

[Event "Early-Titled-Tuesday-Blitz-January-30-2024"]
[Site "Chess.com"]
[Date "2024.01.30"]
[Round "6"]
[White "toninhojit"]
[Black "Susal_De_Silva"]
[Result "0-1"]
[WhiteElo "2577"]
[BlackElo "2753"]
[TimeControl "180+1"]
[EndTime "9:09:44 PST"]
[Termination "Susal_De_Silva won on time"]

1. d4 Nf6 2. c4 e6 3. Nf3 b6 4. g3 Bb7 5. Bg2 g6 6. O-O Bg7 7. Nc3 Ne4 8. Bd2 O-O 9. Qc2 Nxd2 10.
Qxd2 d6 11. e4 Nd7 12. Rad1 e5 13. dxe5 Nxe5 14. Nxe5 Bxe5 15. f4 Bg7 16. e5 Bxg2 17. Qxg2 Qd7 18. Nd5 Rad8 19. Kh1 Kh8 20. Qe4 Rfe8 21.
Qf3 Qc6 22. exd6 Rxd6 23. b3 Red8 24. Kg2 Qc5 25. Ne3 Bd4 26. Nc2 Bf6 27. Ne3 Rd3 28.
Rxd3 Rxd3 29. Qa8+ Rd8 30. Qe4 Rd4 31. Qe8+ Kg7 32. Rf2 c6 33. Ng4 Rd6 34. Qe4 Re6 35. Qf3 Bd4 36. Re2 h5 37. Nf2 Rxe2 38. Qxe2 a5 39.
Nd3 Qf5 40. Qf3 Qf6 41. h3 b5 42. cxb5 cxb5 43. g4 h4 44. Qe4 Qd6 45. g5 a4 46. bxa4 bxa4 47. Kf3 Bb6 48. Ne5 Qd1+ 49. Qe2 Qh1+ 50. Kg4 Qg1+ 51. Kf3 Qg3+ 52. Ke4 Qxh3 53.
Qc4 Qf5+ 54. Kf3 h3 55. Qc3 Kh7 56. Ng4 Bd8 57. Nh6 Bxg5 0-1

[Event "Early-Titled-Tuesday-Blitz-January-30-2024"]
[Site "Chess.com"]
[Date "2024.01.30"]
[Round "6"]
[White "thesupera12"]
[Black "Matols"]
[Result "1/2-1/2"]
[WhiteElo "2535"]
[BlackElo "2389"]
[TimeControl "180+1"]
[EndTime "9:09:45 PST"]
[Termination "Game drawn by repetition"]

1. e4 c6 2. b3 d5 3. exd5 cxd5 4. Bb2 Nc6 5. Nf3 Bg4 6. h3 Bxf3 7. Qxf3 e6 8. g3 Nf6 9. Bg2 Be7 10. O-O O-O 11. Nc3 Rc8 12. Rac1 a6 13. g4 b5 14. a4 b4 15. Ne2 Ne4 16. Qd3 a5 17. Rfd1 Bf6 18. Bxf6 Nxf6 19. Nd4 Nxd4 20. Qxd4 Qc7 21. c4 dxc4 22.
Rxc4 Qd8 23. Qxd8 Rfxd8 24. Rdc1 Rxc4 25. Rxc4 g5 26. Rc5 Rxd2 27. Rxg5+ Kf8 28. Rxa5 Rb2 29. Rb5 Rxb3 30. a5 Ra3 31. Bb7 b3 32. a6 Nd5 33.
Bxd5 exd5 34. a7 Rxa7 35. Rxb3 Ke7 36. Kg2 Ke6 37. Kf3 Ra4 38. h4 Ke5 39. Rb7 f5 40. gxf5 Rxh4 41. Kg3 Rh1 42. Rf7 d4 43. Kf3 d3 44. Ke3 Rh5 45. f6 Rh6 46. f4+ Ke6 47. Ra7 Kxf6 48. Kxd3 Rh3+ 49. Ke4 Rh1 50. Ra6+ Kf7 51. Ke5 Rb1 52. Kf5 Rb5+ 53. Kg4 h5+ 54. Kh4 Rc5 55. Rb6 Ra5 56. Rc6 Rb5 57. Rd6 Ra5 58. Rh6 Rb5 59. Rd6 Ra5 60. Rd2 Rb5 61.
Ra2 Kf6 62. Ra6+ Kf7 63. Ra4 Rc5 64. Rd4 Rb5 65. Rd6 1/2-1/2

[Event "Early-Titled-Tuesday-Blitz-January-30-2024"]
[Site "Chess.com"]
[Date "2024.01.30"]
[Round "6"]
[White "FabianoCaruana"]
[Black "Sebastian"]
[Result "1-0"]
[WhiteElo "3072"]
[BlackElo "2967"]
[TimeControl "180+1"]
[EndTime "9:09:46 PST"]
[Termination "FabianoCaruana won by resignation"]

1. c4 c5 2. Nc3 g6 3. g3 Bg7 4. Bg2 Nc6 5. e3 e6 6. b3 Nge7 7. Ba3 Qa5 8. Bb2 d5 9. Nf3 O-O 10.
O-O Rd8 11. Qc1 d4 12. exd4 cxd4 13. Ne2 e5 14. d3 Qc7 15. Ba3 Bf5 16. Qd2 Qd7 17.
Rac1 h6 18. Nh4 Bh3 19. f4 Bxg2 20. Nxg2 Re8 21. fxe5 Nf5 22. Nef4 Nxe5 23. Nd5 Ng4 24. Qf4 Nge3 25. Ngxe3 Nxe3 26. Qf3 Nxf1 27. Rxf1 Re6 28. Bc1 Rae8 29. Bd2 g5 30. Qf5 Rd6 31. Qf3 Re5 32.
Rf2 Rde6 33. Kg2 Rd6 34. h3 Rdxd5 35. cxd5 Rxd5 36. Re2 Rf5 37. Qg4 Qc6+ 38. Qe4 Qxe4+ 39. Rxe4 Rc5 40. Kf3 Rc2 41. Re8+ Kh7 42. Be1 Rxa2 43. Re7 b5 44. Rxf7 a5 45. Ra7 a4 46. bxa4 bxa4 47.
Bb4 Kg6 48. g4 Bf6 49. Ra6 Kf7 50. Ke4 Ra1 51. Bd6 Re1+ 52. Kd5 Re3 53. Ra7+ Kg6 54. Rxa4 Rxd3 55. Ra6 Re3 56. Bc5 Rxh3 57. Bxd4 Rg3 58.
Rxf6+ Kh7 59. Rf7+ Kg8 60. Rg7+ Kf8 61. Rh7 Rxg4 62. Bf6 Kg8 63. Rg7+ Kf8 64. Ra7 Rf4 65. Ke6 Kg8 66. Ra8+ Kh7 67. Kf7 Rxf6+ 68. Kxf6 1-0

[Event "Early-Titled-Tuesday-Blitz-January-30-2024"]
[Site "Chess.com"]
[Date "2024.01.30"]
[Round "6"]
[White "NikolaGry"]
[Black "aksuliini1"]
[Result "1-0"]
[WhiteElo "2722"]
[BlackElo "2528"]
[TimeControl "180+1"]
[EndTime "9:09:46 PST"]
[Termination "NikolaGry won by resignation"]

1. d4 Nf6 2. Bg5 e6 3. Nd2 d5 4. e3 Be7 5. Bd3 O-O 6. f4 c5 7. c3 b6 8. Qe2 a5 9. a4 Ba6 10. Bxa6 Nxa6 11. Ngf3 Nc7 12. O-O Nce8 13. Ne5 Rc8 14.
Rf3 Nd6 15. Bxf6 Bxf6 16. Rh3 g6 17. g4 Kg7 18. Kh1 Be7 19. g5 Nf5 20. Nf1 f6 21.
gxf6+ Bxf6 22. Ng3 Bxe5 23. Nxf5+ Rxf5 24. dxe5 Qd7 25. Kg1 d4 26. cxd4 cxd4 27. Rd1 Qxa4 28. Rxd4 Qa1+ 29.
Kg2 Qc1 30. Rd7+ Kg8 31. Rdxh7 Rh5 32. R7xh5 gxh5 33. Rg3+ Kf8 34. Qxh5 Rc2+ 35. Kh3 Qf1+ 36. Kg4 Qd1+ 37. Kg5 Qxh5+ 38. Kxh5 Rxh2+ 39. Kg6 Ke7 40. e4 Rf2 41. f5 exf5 42. exf5 a4 43. e6 b5 44. Kg5 b4 45. Rg4 Rxb2 46. Rd4 Rg2+ 47. Kf4 Rh2 48. Rd7+ Ke8 49. f6 Rf2+ 50. Ke5 Re2+ 51. Kf5 Rf2+ 52. Ke5 Re2+ 53. Kd5 Rd2+ 54. Kc6 Rc2+ 55. Kb5 Rf2 56. f7+ Kf8 57. Rd8+ Ke7 58.
Re8+ Kd6 59. Kxb4 Rf4+ 60. Ka3 Rf3+ 61. Kxa4 Rf4+ 62. Kb3 Rf3+ 63. Kc2 1-0

[Event "Early-Titled-Tuesday-Blitz-January-30-2024"]
[Site "Chess.com"]
[Date "2024.01.30"]
[Round "6"]
[White "artin10862"]
[Black "mishanick"]
[Result "0-1"]
[WhiteElo "2858"]
[BlackElo "3144"]
[TimeControl "180+1"]
[EndTime "9:09:47 PST"]
[Termination "mishanick won on time"]

1. d4 Nf6 2. c4 e6 3. Nc3 d5 4. Nf3 Nbd7 5. Qc2 Bb4 6. cxd5 exd5 7. Bf4 c6 8. e3 Nh5 9. Bg5 Be7 10. Bxe7 Qxe7 11.
O-O-O Nb6 12. h3 Be6 13. Bd3 O-O-O 14. Kb1 Kb8 15. Ka1 g6 16. g4 Nf6 17. Ne5 h5 18. f3 Nfd7 19. Qh2 Ka8 20. Nxd7 Bxd7 21. Qf2 Rde8 22. Rhe1 hxg4 23. hxg4 Qh4 24. Rd2 Qxf2 25. Rxf2 Rh3 26. Kb1 Kb8 27. Kc2 Nc8 28. Kd2 Nd6 29. Ne2 g5 30. Ng1 Rh1 31. Rg2 Kc7 32. b3 a5 33. Bc2 f6 34. Rc1 f5 35. gxf5 Bxf5 36. Rxg5 Rh2+ 37. Ne2 Rf8 38. Rg7+ Kb6 39. Bxf5 Nxf5 40.
Rg5 Nh4 41. Kd3 Nxf3 42. Rg3 Rf2 43. Rh3 Re8 44. a3 Ng5 45. Rg3 Ne4 46. Rh3 Rg8 47. Rhh1 Rgg2 48. Rhe1 Rh2 49. Rc2 Ka6 50. Rb2 Rf3 51.
Rc2 Nd6 52. Nc1 Rhh3 53. Kd2 Nf5 54. Rc3 Nxd4 55. Nd3 Rh2+ 56. Kd1 Nb5 57. Rc2 Rxc2 58. Kxc2 Nxa3+ 59. Kd2 Nb5 60. e4 dxe4 61. Rxe4 Rf7 62. Nc5+ Kb6 63. Na4+ Ka7 64. Re8 Rh7 65. Kc2 Rh2+ 66.
Kc1 Nd4 67. Re3 b5 68. Nb2 Kb6 69. Rd3 Ne2+ 70. Kb1 Nf4 71. Rf3 Nd5 72. Rd3 Kc5 73. Rf3 Kb4 74. Nd3+ Kxb3 75. Ne5+ Nc3+ 0-1

[Event "Early-Titled-Tuesday-Blitz-January-30-2024"]
[Site "Chess.com"]
[Date "2024.01.30"]
[Round "6"]
[White "GrotBchess"]
[Black "noblerone"]
[Result "1-0"]
[WhiteElo "2321"]
[BlackElo "2487"]
[TimeControl "180+1"]
[EndTime "9:09:48 PST"]
[Termination "GrotBchess won by resignation"]

1. e4 c5 2. Nf3 e6 3. d4 cxd4 4.
Nxd4 Qb6 5. c3 Nc6 6. Nb3 Nf6 7. Be3 Qc7 8. N1d2 d5 9. Bd3 Be7 10. O-O Ne5 11. Bb5+ Bd7 12. Bxd7+ Nexd7 13. Qf3 O-O 14. exd5 Nxd5 15. Rfe1 Nxe3 16. Rxe3 Nf6 17. h3 Rfd8 18. Ne4 h6 19. Nxf6+ Bxf6 20. Rd1 Rxd1+ 21. Qxd1 Rd8 22.
Rd3 Rxd3 23. Qxd3 a6 24. Nd2 Qc6 25. Nc4 b5 26. Ne3 Be7 27. Ng4 Bd6 28. Qd4 Qc5 29.
Qxc5 Bxc5 30. Ne5 Bd6 31. Nc6 Kf8 32. Kf1 Ke8 33. Ke2 Kd7 34. Na5 Bc5 35. Nb3 Bb6 36. Nd2 Kd6 37. f3 f5 38. Kd3 e5 39. c4 g5 40. cxb5 axb5 41. b3 Kd5 42. a4 bxa4 43.
bxa4 Ba5 44. Nb3 e4+ 45. fxe4+ fxe4+ 46. Ke2 Bb6 47. Nd2 Kd4 48. Nf1 Kc4 49. Ne3+ Kc5 50. Nf5 Kb4 51. Nxh6 Kxa4 52. Nf7 Kb5 53. Nxg5 e3 54.
Ne4 Kc4 55. Ng3 Kd4 56. Nf5+ Ke4 57. g4 Kf4 58. Nd6 Bc5 59. Nc4 Kg3 60. Nxe3 Kxh3 61. g5 Bf8 62. Kf3 Kh4 63. Kf4 Kh5 64. Kf5 Ba3 65. Ng4 Bb2 66. Nf6+ Kh4 67. g6 1-0

[Event "Early-Titled-Tuesday-Blitz-January-30-2024"]
[Site "Chess.com"]
[Date "2024.01.30"]
[Round "6"]
[White "Felix-Rose"]
[Black "dianamirza"]
[Result "1-0"]
[WhiteElo "2352"]
[BlackElo "1991"]
[TimeControl "180+1"]
[EndTime "9:09:50 PST"]
[Termination "Felix-Rose won on time"]

1. e4 d5 2. exd5 Qxd5 3. Nc3 Qd8 4. d4 Nf6 5. Bf4 Bg4 6. Qd2 e6 7. h3 Bh5 8. g4 Bg6 9. O-O-O Bb4 10. Nge2 c6 11. Qe3 Nbd7 12. g5 Nd5 13. Nxd5 cxd5 14. Ng3 Qa5 15. Kb1 Rc8 16. Bd3 Qa4 17. Bxg6 hxg6 18.
Qb3 Qxb3 19. axb3 a5 20. h4 a4 21. bxa4 Nb6 22. c3 Be7 23. Kc2 Nxa4 24. Ra1 Nb6 25. Ra7 Nc4 26. Rxb7 f6 27. Re1 Kf7 28. b3 Rxh4 29.
bxc4 Rxf4 30. c5 Rxf2+ 31. Re2 Rf3 32. gxf6 gxf6 33. Nf1 Rxf1 34. Rb6 e5 35. dxe5 fxe5 36. Rxe5 Bxc5 37. Rb7+ Kf6 38. Rxd5 Bb4 39. Rxb4 g5 40.
Rb6+ Kg7 41. Rxg5+ Kh7 42. Rb4 Rh1 43. Rb7+ Kh6 44. Rg3 Rh4 45. Kb3 Re4 46. Rb6+ Kh7 47. Rb7+ Kh6 48. Rd3 Kg5 49. Rd5+ Kf4 50. Rf7+ Ke3 51.
Rb5 Kd3 52. Rd7+ Ke3 53. Rbd5 Re6 54. Rd3+ Ke4 55. R7d4+ Ke5 56. Re3+ Kf6 57. Rf4+ Ke7 58. Rxe6+ Kxe6 59. Rd4 Ke5 60. Rd7 Ke6 61. Rd2 Rc5 62.
c4 1-0